 Dungeon Crawl Stone Soup version 0.18-a0-1473-g3609211 (webtiles) character file.

5306 CopycatKevin the Grappler (level 10, 0/100 HPs)
             Began as a Troll Monk on Mar 2, 2016.
             Was an Elder of Makhleb.
             Killed from afar by an electric eel (13 damage)
             ... with a bolt of electricity
             ... on level 9 of the Dungeon.
             The game lasted 00:41:52 (7540 turns).

CopycatKevin the Grappler (Troll Monk)              Turns: 7540, Time: 00:41:52

Health: 0/100      AC:  9    Str: 21 (24) XL:     10   Next: 37%
Magic:  9/9        EV: 13    Int:  6      God:    Makhleb [****..]
Gold:   533        SH:  0    Dex: 10 (12) Spells: 0 memorised, 9 levels left

rFire  . . .     SeeInvis .       - Unarmed
rCold  . . .     Gourm    +     n - +0 robe
rNeg   . . .     Faith    .     (no shield)
rPois  .         Spirit   .     (helmet restricted)
rElec  .         Dismiss  .     A - +0 cloak
rCorr  .         Reflect  .     (gloves unavailable)
SustAt .         Harm     .     (boots unavailable)
MR     .....                    w - amulet of rage
Stlth  +++.......               m - ring of stealth
                                g - +3 ring of protection

@: not resistant to hostile enchantments, fairly stealthy
A: unfitting armour, claws 3, fast metabolism 3, gourmand, regeneration 2,
shaggy fur 1, tough skin 2
a: Minor Destruction, Lesser Servant of Makhleb, Major Destruction, Renounce
Religion, Evoke Berserk Rage


You were on level 9 of the Dungeon.
You worshipped Makhleb.
Makhleb was greatly pleased with you.
You were completely stuffed.

You visited 1 branch of the dungeon, and saw 9 of its levels.

You collected 533 gold pieces.

Inventory:

Missiles
 y - 2 exploding tomahawks (quivered)
Armour
 n - a +0 robe (worn)
 A - a +0 cloak (worn)
Jewellery
 g - a +3 ring of protection (left claw)
 m - a ring of stealth (right claw)
 w - an amulet of rage (around neck)
 z - an uncursed amulet of guardian spirit
Wands
 i - a wand of iceblast (8/15)
 k - a wand of lightning (3/15)
 u - a wand of flame (11/48)
 C - a wand of acid (11/15)
Scrolls
 a - a scroll of fear
 c - a scroll of amnesia
 d - 2 scrolls of recharging
 e - 2 scrolls of noise
 h - 6 scrolls of identify
 j - 4 scrolls of magic mapping
 s - a scroll of silence
 x - a scroll of enchant weapon
 B - 7 scrolls of remove curse
 F - a scroll of teleportation
Potions
 o - 4 potions of lignification
 p - a potion of resistance {unknown}
 r - a potion of haste
 t - a potion of curing
 E - a potion of flight {unknown}
Comestibles
 b - 14 bread rations
 f - 9 beef jerkies
 l - 7 fruits
 q - a slice of pizza
 v - 3 meat rations
 D - 9 royal jellies
 G - 2 chunks of flesh


   Skills:
 + Level 6.8 Fighting
 + Level 8.5 Dodging
 + Level 3.0 Stealth
 + Level 9.4 Unarmed Combat


You had 9 spell levels left.
You didn't know any spells.

Dungeon Overview and Level Annotations

Branches:
Dungeon (9/15)             Temple (0/1) D:4            Lair (0/8) D:8
    Orc: D:9-12

Altars:
Ashenzari
Cheibriados
Dithmenos
Elyvilon
Kikubaaqudgha
Makhleb
Nemelex Xobeh
Pakellas
Qazlal
Sif Muna
Vehumet
Xom
Yredelemnul

Shops:
D:8 :


Innate Abilities, Weirdness & Mutations

You are too large for most types of armour.
You have claws for hands.
Your metabolism is lightning-fast.
You like to eat raw meat.
You heal very quickly.
You are covered in fur (AC +1).
You have very tough skin (AC +2).


Message History

You are too injured to fight recklessly!
You are too injured to fight recklessly!
You are too injured to fight recklessly!
You are too injured to fight recklessly!
You are too injured to fight recklessly!
You are too injured to fight recklessly!
The snapping turtle hisses angrily.
You mangle the snapping turtle!!
The snapping turtle is almost dead.
The snapping turtle moves out of view.
The electric eel shoots out a bolt of lightning at you!
The bolt of electricity misses you.
You barely miss the snapping turtle.
The snapping turtle is almost dead.
The snapping turtle withdraws into its shell!
A water moccasin comes into view.
The water moccasin moves out of view.
The electric eel shoots out a bolt of lightning at you!
The bolt of electricity hits you!
You die...

≈≈≈≈≈≈≈≈≈≈≈≈≈≈≈#
≈≈≈≈≈≈≈≈≈≈≈≈≈≈## ≈≈
##≈≈≈≈≈≈≈≈≈≈≈≈≈≈#≈≈≈
≈≈≈≈≈≈≈≈...≈≈≈≈≈≈≈≈≈
≈≈≈≈≈≈≈.♣P..≈≈≈≈≈≈#
≈≈≈≈≈≈...♣♣..≈≈≈≈≈≈#
≈≈≈≈≈≈.♣P..♣.≈≈≈≈≈≈#
≈≈≈≈;≈...tP..≈≈≈≈≈≈#
≈≈≈≈≈≈≈.♣@..≈≈≈≈≈≈≈#
≈≈≈≈≈≈†≈...≈≈≈≈≈#)≈≈
≈≈≈.≈≈≈≈≈≈≈≈≈≈≈≈≈≈≈≈
≈≈≈≈≈≈≈≈≈≈≈≈≈≈≈≈###≈
≈##≈≈≈≈≈≈≈≈≈≈≈≈≈≈#
#####≈≈≈≈≈≈≈≈≈≈≈
##≈#≈###≈≈≈ #####
###


You could see a snapping turtle (withdrawn) and an electric eel.

Vanquished Creatures
  Pikel (D:7)
  Grinder (D:3)
  A snapping turtle (D:9)
  3 yaks (D:9)
  A hungry ghost (D:7)
  Edmund (D:6)
  2 soldier ants (D:8)
  2 orc warriors
  2 ice beasts
  3 sky beasts
  2 wasps (D:8)
  A necrophage (D:7)
  6 ogres
  A phantom (D:4)
  3 centaurs
  The ghost of CopycatKevin the Firebug, an amateur DEFE of Yredelemnul (D:3)
  Blork the orc (D:5)
  3 giant frogs
  A wyvern skeleton (D:7)
  4 scorpions
  A howler monkey (D:5)
  A crimson imp (D:7)
  A hound (D:5)
  A giant frog skeleton (D:7)
  A gnoll shaman (D:8)
  9 orc priests
  2 iguanas
  2 jellies
  4 orc wizards
  2 hell rats (D:8)
  5 worker ants
  A killer bee zombie (D:6)
  A hound zombie (D:6)
  A hound skeleton (D:7)
  A worker ant zombie (D:7)
  Robin (D:3)
  10 gnolls
  7 adders
  6 river rats (D:8)
  An ooze (D:6)
  An adder zombie (D:8)
  A dart slug (D:3)
  6 giant geckos
  29 orcs
  A ball python (D:1)
  5 giant cockroaches
  13 goblins
  14 hobgoblins
  10 jackals
  9 kobolds
  4 quokkas
  16 bats
  A giant gecko skeleton (D:4)
  5 giant newts
  A quokka zombie (D:7)
  28 rats
242 creatures vanquished.

Vanquished Creatures (others)
  A giant frog (D:7)
  A giant gecko (D:7)
  An orc (D:7)
3 creatures vanquished.

Grand Total: 245 creatures vanquished

Notes
Turn   | Place    | Note
--------------------------------------------------------------
     0 | D:1      | CopycatKevin the Troll Monk began the quest for the Orb.
     0 | D:1      | Reached XP level 1. HP: 22/22 MP: 0/0
   307 | D:1      | Reached XP level 2. HP: 29/29 MP: 1/1
   525 | D:1      | Reached XP level 3. HP: 36/36 MP: 2/2
   984 | D:2      | Reached XP level 4. HP: 40/44 MP: 3/3
  1626 | D:3      | Found a deep blue altar of Sif Muna.
  1730 | D:3      | Found an oddly glowing altar of Pakellas.
  1867 | D:3      | Found a sparkling altar of Nemelex Xobeh.
  1871 | D:3      | Found an ancient bone altar of Kikubaaqudgha.
  2039 | D:3      | Reached XP level 5. HP: 48/53 MP: 4/4
  2046 | D:3      | Noticed Robin
  2068 | D:3      | Reached skill level 5 in Unarmed Combat
  2080 | D:3      | Killed Robin
  2198 | D:3      | Noticed Grinder
  2216 | D:3      | Killed Grinder
  2216 | D:3      | Reached XP level 6. HP: 33/61 MP: 5/5
  2342 | D:3      | Noticed CopycatKevin's ghost (amateur DEFE)
  2359 | D:3      | Killed CopycatKevin's ghost
  2687 | D:4      | Found a staircase to the Ecumenical Temple.
  2801 | D:4      | Reached XP level 7. HP: 66/68 MP: 6/6
  2918 | D:4      | Reached skill level 5 in Dodging
  2918 | D:4      | Reached skill level 6 in Unarmed Combat
  3313 | D:5      | Entered Level 5 of the Dungeon
  3374 | D:5      | Noticed Blork the orc
  3391 | D:5      | Killed Blork the orc
  3416 | D:5      | Reached XP level 8. HP: 55/78 MP: 7/7
  3594 | D:5      | HP: 3/79 [something (5)]
  3682 | D:5      | Reached skill level 7 in Unarmed Combat
  3969 | D:6      | Noticed Edmund
  3980 | D:6      | Killed Edmund
  3980 | D:6      | Reached skill level 5 in Fighting
  4057 | D:6      | Found a burning altar of Makhleb.
  4140 | D:6      | Became a worshipper of Makhleb the Destroyer
  4140 | D:6      | Reached * piety under Makhleb
  4140 | D:6      | Reached ** piety under Makhleb
  4399 | D:6      | Reached XP level 9. HP: 88/88 MP: 5/8
  4413 | D:6      | Found a white marble altar of Elyvilon.
  4484 | D:6      | Found a basalt altar of Yredelemnul.
  4944 | D:7      | Reached skill level 8 in Unarmed Combat
  5251 | D:7      | Noticed Pikel
  5265 | D:7      | Killed Pikel
  5339 | D:7      | Found a stormy altar of Qazlal.
  5357 | D:7      | Reached *** piety under Makhleb
  5623 | D:7      | Found a shimmering altar of Xom.
  5646 | D:7      | You fall through a shaft!
  5754 | D:8      | Found Zuivia's Book Boutique.
  5860 | D:8      | Reached skill level 9 in Unarmed Combat
  5949 | D:8      | Found a staircase to the Lair.
  6093 | D:8      | Reached XP level 10. HP: 92/100 MP: 7/9
  6144 | D:8      | Reached **** piety under Makhleb
  6704 | D:8      | Paralysed by a wasp for 2 turns
  7373 | D:9      | Found a radiant altar of Vehumet.
  7374 | D:9      | Found a snail-covered altar of Cheibriados.
  7377 | D:9      | Found a shadowy altar of Dithmenos.
  7377 | D:9      | Found a shattered altar of Ashenzari.
  7540 | D:9      | Killed from afar by an electric eel

Vault maps used:
D:1:      eino_arrival_water_cross
D:2:      lemuel_upstairs_altar
D:3:      old_standard_altar, led_sif_book, nicolae_overflow_hidden_temple,
          corexii_shack, hex_medium, uniq_grinder, uniq_robin
D:4:      minmay_temple_entry_trees
D:5:      first_bread, st_stairs_3, uniq_blork_the_orc
D:6:      kennysheep_ying_yang, marbit_many_paths, serial_glass,
          glass_columns_c, glass_columns_a, uniq_edmund
D:7:      xom_redecorated, lemuel_doored_altar, uniq_pikel
D:8:      lemuel_ratsnest, lair_0_dummy, serial_shops, kennysheep_mini,
          hangedman_pestilent_swarm
D:9:      wad_bat_island, grunt_temple_overflow_open

Skill      XL: |  1  2  3  4  5  6  7  8  9 10 |
---------------+-------------------------------+-----
Fighting       | 3 4 5 6 |  6.8
Dodging        | 3 4 5 6 8 |  8.5
Unarmed Combat | 5 6 7 9 |  9.4
Stealth        | 2 3 |  3.0

Action                   |  1- 3 |  4- 6 |  7- 9 | 10-12 || total
-------------------------+-------+-------+-------+-------++-------
Melee: Unarmed           |    80 |   180 |   351 |   138 ||   749
  Use: Scroll            |     2 |     1 |    13 |     1 ||    17
       Potion            |       |     1 |     5 |     2 ||     8
 Stab: Sleeping          |     2 |     2 |     5 |     4 ||    13
  Eat: Chunk             |    14 |    17 |    39 |    13 ||    83
